 Dungeon Crawl Stone Soup version 0.24.1-8-ga250c9d538 (webtiles) character file.

Game seed: 1927526406735089320, levelgen mode: deterministic

45663 Peloso the Blocker (level 14, -4/109 HPs)
             Began as a Demonspawn Fighter on Apr 30, 2020.
             Was the Champion of Okawaru.
             Killed by divine providence
             ... invoked by an orc priest
              (13 damage)
             ... on level 2 of the Orcish Mines.
             The game lasted 00:53:13 (21837 turns).

Peloso the Blocker (Demonspawn Fighter)            Turns: 21837, Time: 00:53:13

Health: -4/109     AC: 32    Str: 22    XL:     14   Next: 1%
Magic:  0/14       EV:  6    Int: 10    God:    Okawaru [******]
Gold:   557        SH: 19    Dex: 14    Spells: 13/13 levels left

rFire    + + .     SeeInvis +   b - +2 falchion (flame)
rCold    + + .     Gourm    .   c - +0 large shield {reflect}
rNeg     . . .     Faith    +   I - +1 plate armour {rPois}
rPois    +         Spirit   +   P - +0 mask of the Dragon {MR+ Slay+3 SInv}
rElec    .         Reflect  +   B - scarf {rC+ rF+}
rCorr    .         Harm     .   (no gloves)
MR       ++...     Rnd*Rage +   (no boots)
Stlth    ..........             t - amulet of faith
HPRegen  0.28/turn              N - ring of protection from cold
MPRegen  0.14/turn              h - ring of Robustness {AC+8}

@: about to teleport, sanguine armour, berserk cooldown
A: hooves 2, berserk 1, blink, fire resistance 1, ignite blood, low mp 1, strong
1, magic shield, flame cloud immunity, sanguine armour 2
a: Blink, Heroism, Finesse, Renounce Religion


You were on level 2 of the Orcish Mines.
You worshipped Okawaru.
Okawaru was exalted by your worship.
You were very hungry.

You visited 3 branches of the dungeon, and saw 18 of its levels.

You collected 2239 gold pieces.
You spent 1682 gold pieces at shops.

Inventory:

Hand Weapons
 a - the +9 scimitar "Fonehump" {flame, *Rage +Inv rElec Stlth+}
   (Okawaru gifted it to you on level 3 of the Lair of Beasts)

   It has been specially enchanted to burn those struck by it, causing extra
   injury to most foes and up to half again as much damage against particularly
   susceptible opponents.
   Big, fiery blades are also staple armaments of hydra-hunters.
   It insulates you from electricity.
   It lets you turn invisible.
   It may make you go berserk in combat.
   It makes you more stealthy.
 b - a +2 falchion of flaming (weapon)
Armour
 c - a +0 large shield of reflection (worn)
 j - a +0 plate armour of magic resistance
 p - a +0 cloak
 r - a +0 cloak of poison resistance
 B - a scarf of resistance (worn)
 I - a +1 plate armour of poison resistance (worn)
 P - the +0 mask of the Dragon (worn) {MR+ Slay+3 SInv}
   (You bought it in a shop on level 12 of the Dungeon)

   It affects your accuracy and damage with ranged weapons and melee attacks
   (+3).
   It affects your resistance to hostile enchantments.
   It lets you see invisible.
Jewellery
 h - the ring of Robustness (right hand) {AC+8}
   (You found it on level 12 of the Dungeon)

   [ring of protection]

   It affects your AC (+8).
 t - an amulet of faith (around neck)
 w - an uncursed ring of protection from magic
 H - an uncursed ring of positive energy
 N - a ring of protection from cold (left hand)
Wands
 l - a wand of polymorph (5)
 Q - a wand of digging (6)
Scrolls
 d - 4 scrolls of teleportation
 e - 4 scrolls of identify
 g - 3 scrolls of magic mapping
 k - a scroll of acquirement {unknown}
 o - 9 scrolls of remove curse
 z - a scroll of fear
 L - a scroll of noise
 R - a scroll of blinking
Potions
 n - a potion of flight
 v - 6 potions of curing
 D - 2 potions of agility
 F - 3 potions of might
 J - a potion of berserk rage
 M - 2 potions of haste
Miscellaneous
 i - a lightning rod (4/4)
Comestibles
 f - 26 rations


   Skills:
 + Level 9.8 Fighting
 + Level 12.4 Long Blades
 + Level 9.9 Armour
 + Level 3.6 Dodging
 + Level 1.3 Stealth
 + Level 13.1 Shields
 + Level 2.2 Invocations
 + Level 3.0 Evocations


You had 13 spell levels left.
You didn't know any spells.
Your spell library contained the following spells:

 Spells                   Type           Power        Failure   Level  Hunger
 Apportation              Tloc           #.....       100%        1    ##.....
 Beastly Appendage        Tmut           #.....       100%        1    ##.....
 Flame Tongue             Conj/Fire      #....        100%        1    ##.....
 Freeze                   Ice            #...         100%        1    ##.....
 Summon Butterflies       Summ           #.......     100%        1    ##.....
 Summon Small Mammal      Summ           #...         100%        1    ##.....
 Call Imp                 Summ           #.......     100%        2    ###....
 Sticks to Snakes         Tmut           #.......     100%        2    ###....
 Sublimation of Blood     Necr           #.........   100%        2    ###....
 Throw Flame              Conj/Fire      #.....       100%        2    ###....
 Throw Frost              Conj/Ice       #.....       100%        2    ###....
 Call Canine Familiar     Summ           #.......     100%        3    ####...
 Conjure Flame            Conj/Fire      #.......     100%        3    ####...
 Ignite Poison            Fire/Tmut/Pois #.......     100%        3    ####...
 Inner Flame              Hex/Fire       #.......     100%        3    ####...
 Lesser Beckoning         Tloc           #.........   100%        3    ####...
 Ozocubu's Armour         Chrm/Ice       #.......     100%        3    ####...
 Spider Form              Tmut/Pois      #.........   100%        3    ####...
 Summon Guardian Golem    Hex/Summ       #.......     100%        3    ####...
 Tukima's Dance           Hex            #.......     100%        3    ####...
 Ice Form                 Ice/Tmut       #.......     100%        4    #####..
 Petrify                  Tmut/Erth      #.......     100%        4    #####..
 Sticky Flame             Conj/Fire      #.......     100%        4    #####..
 Summon Ice Beast         Ice/Summ       #.......     100%        4    #####..
 Summon Lightning Spire   Summ/Air       #.......     100%        4    #####..
 Throw Icicle             Conj/Ice       #.......     100%        4    #####..
 Alistair's Intoxication  Tmut/Pois      #.......     100%        5    ######.
 Blade Hands              Tmut           #.........   100%        5    ######.
 Fireball                 Conj/Fire      #.........   100%        5    ######.
 Irradiate                Conj/Tmut      #.........   100%        5    ######.
 Invisibility             Hex            #.......     100%        6    #######


Dungeon Overview and Level Annotations

Branches:
Dungeon (13/15)            Temple (0/1) D:6            Lair (3/6) D:9
 Spider (0/4) Lair:2          Orc (2/2) D:11            Elf (0/3) Orc:2
 Vaults (0/5) D:13
  Swamp: Lair:2-4    Shoals: Lair:2-4

Altars:
Ashenzari
Fedhas
Okawaru
Trog
Beogh

Shops:
D:9 *   D:12 ?[?[   Orc:1 ?[}

Annotations:
Orc:1 2 transporters, Thomus's ghost, novice DECj


Innate Abilities, Weirdness & Mutations

You have hoof-like feet.
Your flesh is heat resistant. (rF+)
Your demonic aura causes spilled blood to erupt in flames.
When hurt, damage is shared between your health and your magic reserves.
You are immune to clouds of flame.
When seriously injured, your bleeding wounds create thick armour. (AC +9)
You tend to lose your temper in combat.
You can translocate small distances at will.
Your magical capacity is low. (-10% MP)
Your muscles are strong. (Str +2)


Message History

You reflect the boomerang of dispersal off your +0 large shield of reflection!
The boomerang of dispersal hits the orc warrior!
The orc warrior blinks!
An orc priest comes into view. It is wielding a +0 falchion.
The orc high priest calls down the wrath of Beogh upon you.
Beogh smites you!
* * * LOW HITPOINT WARNING * * *
The chaos spawn enters a dispersal trap!
The orc priest blinks!
The orc high priest blinks!
The orc warrior blinks! x2
The orc knight blinks!
The orc warrior blinks! x3; You blink.
The chaos spawn blinks!
The orc warrior throws a boomerang of dispersal.
You reflect the boomerang of dispersal off your +0 large shield of reflection!
The boomerang of dispersal hits the orc warrior but does no damage.
As you read the scroll of teleportation, it crumbles to dust.
You feel strangely unstable.
The orc priest shouts!
The orc priest calls down the wrath of Beogh upon you.
Beogh smites you!
You die...

#[)[### ##....#.## ##.)#.##
##........#
##...[..###........##
#..[..[.##........#.##
##...[..[[...........#
##...).).[..........##
#...##...............#
##...............#...##
##o.....@).^.........#
####o..).).....#....# ######
#.....§)§......#...# .....###
#........§.........#
.......####..........o......##
...o.....##..§.§..o..........#
..........#.§..........[[...##
#.#.#.#.#.#...........[[)..##
..........[[...........[[...##


You could see an orc knight, 2 orc warriors and an orc priest.

Vanquished Creatures
  Rupert (Orc:2)
  Jorgrun (Orc:2)
  An orc warlord (Orc:1)
  A hydra (Lair:3)
  A centaur warrior (D:12)
  3 two-headed ogres
  3 death yaks (Lair:3)
  3 orc high priests (Orc:2)
  Urug (Orc:2)
  7 orc knights
  An orc sorcerer (Orc:2)
  An ugly thing (D:13)
  A cyclops (D:12)
  Maurice (Orc:2)
  Joseph (D:8)
  Psyche (D:11)
  A gargoyle (D:11)
  4 spiny frogs
  2 rime drakes
  6 komodo dragons
  6 trolls
  A polar bear (Lair:3)
  A hornet (D:10)
  5 slime creatures (D:13)
  5 hippogriffs
  A redback (Lair:2)
  A wyvern (D:12)
  23 yaks
  3 hogs (D:7)
  4 hungry ghosts
  The ghost of Alannah the Gusty, an amateur DsWn of Fedhas (D:4)
  15 humans
  2 wargs (Orc:1)
  6 water moccasins
  7 porcupines
  2 ice beasts
  25 orc warriors
  6 sky beasts
  2 necrophages
  2 phantoms
  10 ogres
  2 eyes of draining
  5 wolves (D:9)
  4 centaurs
  2 crocodiles (Lair:2)
  A big kobold (D:11)
  9 bullfrogs
  A water moccasin zombie (D:11)
  2 water moccasin skeletons
  3 scorpions
  A hornet simulacrum (D:12)
  13 killer bees
  11 electric eels
  A howler monkey (D:8)
  A bullfrog zombie (D:12)
  2 crimson imps
  2 centaur zombies
  29 orc priests
  A bullfrog skeleton (D:9)
  A quasit (D:6)
  4 centaur skeletons
  5 hounds
  3 jellies
  24 orc wizards
  2 iguanas
  Terence (D:2)
  Natasha (thrice) (D:2)
  3 worker ants
  A killer bee zombie (D:10)
  2 hound skeletons
  Robin (D:3)
  A worker ant zombie (D:10)
  12 adders
  4 shadow imps
  An adder zombie (D:5)
  4 worms
  3 dart slugs
  6 leopard geckos
  122 orcs
  4 giant cockroaches
  12 goblins
  11 hobgoblins
  14 jackals
  4 quokkas
  A ball python (D:4)
  8 bats
  4 frilled lizards
  A jackal skeleton (D:5)
  7 kobolds
  A leopard gecko zombie (D:5)
  11 rats
540 creatures vanquished.

Vanquished Creatures (others)
  A stone giant (Orc:1)
  Nessos (D:13)
  2 humans (D:13)
  An orc wizard (D:6)
  An adder (D:11)
  2 orcs
  A goblin (D:3)
9 creatures vanquished.

Grand Total: 549 creatures vanquished

Notes
Turn   | Place    | Note
-------+----------+-------------------------------------------
     0 | D:1      | Peloso the Demonspawn Fighter began the quest for the Orb.
     0 | D:1      | Reached XP level 1. HP: 18/18 MP: 1/1
   180 | D:1      | Gained mutation: When seriously injured, your bleeding
                  | wounds create armour. (AC +9) [demonic ancestry]
   180 | D:1      | Reached XP level 2. HP: 22/24 MP: 2/2
   741 | D:2      | Gained mutation: Your flesh is heat resistant. (rF+)
                  | [demonic ancestry]
   741 | D:2      | Reached XP level 3. HP: 15/29 MP: 3/3
   941 | D:2      | Gained mutation: You tend to lose your temper in combat.
                  | [potion of mutation]
   941 | D:2      | Gained mutation: Your muscles are strong. (Str +2) [potion
                  | of mutation]
   941 | D:2      | Gained mutation: You can translocate small distances at
                  | will. [potion of mutation]
  1014 | D:2      | Noticed Terence
  1025 | D:2      | Killed Terence
  1025 | D:2      | Reached skill level 3 in Shields
  1040 | D:2      | Gained mutation: When hurt, damage is shared between your
                  | health and your magic reserves. [demonic ancestry]
  1040 | D:2      | Reached XP level 4. HP: 22/35 MP: 4/4
  1430 | D:2      | Noticed Natasha
  1435 | D:2      | Killed Natasha
  1448 | D:2      | Noticed Natasha
  1456 | D:2      | Killed Natasha
  1456 | D:2      | Reached XP level 5. HP: 31/42 MP: 3/5
  1611 | D:2      | Noticed Natasha
  1618 | D:2      | Killed Natasha
  1638 | D:2      | Reached skill level 1 in Dodging
  2113 | D:3      | Noticed Robin
  2127 | D:3      | Killed Robin
  2328 | D:3      | Found an iron altar of Okawaru.
  2361 | D:3      | Became a worshipper of Warmaster Okawaru
  2609 | D:4      | Found a runed translucent door.
  2637 | D:4      | Gained mutation: You have large cloven feet. [demonic
                  | ancestry]
  2637 | D:4      | Reached XP level 6. HP: 23/48 MP: 6/6
  2638 | D:4      | Noticed Alannah's ghost (amateur DsWn)
  3302 | D:5      | Entered Level 5 of the Dungeon
  3338 | D:5      | Reached * piety under Okawaru
  3385 | D:5      | Found a blossoming altar of Fedhas.
  3693 | D:5      | Gained mutation: You are immune to clouds of flame.
                  | [demonic ancestry]
  3693 | D:5      | Reached XP level 7. HP: 53/55 MP: 4/7
  4168 | D:6      | Reached skill level 4 in Shields
  4212 | D:6      | HP: 2/55 [poisoned by an orc wizard]
  4220 | D:6      | HP: 2/55 [poisoned by an orc wizard]
  4473 | D:6      | Found a shattered altar of Ashenzari.
  4538 | D:6      | Reached skill level 5 in Long Blades
  4552 | D:6      | Reached ** piety under Okawaru
  4949 | D:6      | Found a staircase to the Ecumenical Temple.
  5035 | D:6      | Gained mutation: Your demonic aura causes spilled blood to
                  | erupt in flames. [demonic ancestry]
  5035 | D:6      | Reached XP level 8. HP: 39/61 MP: 4/8
  5652 | D:7      | Reached *** piety under Okawaru
  5652 | D:7      | Reached skill level 5 in Fighting
  5652 | D:7      | Reached skill level 5 in Shields
  5654 | D:7      | Reached skill level 5 in Armour
  5761 | D:7      | Found a blossoming altar of Fedhas.
  6047 | D:7      | Reached XP level 9. HP: 68/68 MP: 9/9
  6712 | D:8      | Reached **** piety under Okawaru
  6714 | D:8      | Reached skill level 6 in Shields
  6780 | D:8      | Noticed Joseph
  6781 | D:8      | Noticed a two-headed ogre
  6787 | D:8      | Killed Joseph
  6795 | D:8      | Killed a two-headed ogre
  6795 | D:8      | Reached skill level 7 in Shields
  6819 | D:8      | Reached ***** piety under Okawaru
  6966 | D:8      | Gained mutation: You have hoof-like feet. [demonic
                  | ancestry]
  6966 | D:8      | Reached XP level 10. HP: 75/76 MP: 6/10
  7149 | D:8      | Found a roughly hewn altar of Beogh.
  7650 | D:9      | Received a gift from Okawaru
  7657 | D:9      | Reached skill level 8 in Shields
  7705 | D:9      | Found a staircase to the Lair.
  8134 | D:9      | Received a gift from Okawaru
  8340 | D:9      | Found Dyosynag's General Store.
  8396 | D:9      | Reached skill level 9 in Shields
  8760 | D:10     | Entered Level 10 of the Dungeon
  9007 | D:10     | Paralysed by a hornet for 3 turns
  9013 | D:10     | Paralysed by a hornet for 3 turns
  9026 | D:10     | Reached XP level 11. HP: 29/83 MP: 6/11
 10067 | D:11     | Noticed Psyche
 10080 | D:11     | Killed Psyche
 10092 | D:11     | Reached skill level 1 in Invocations
 10633 | D:11     | Found a staircase to the Orcish Mines.
 10848 | D:11     | Reached skill level 1 in Evocations
 11054 | D:12     | Reached skill level 10 in Shields
 11067 | D:12     | Reached ****** piety under Okawaru
 11162 | D:12     | Noticed a two-headed ogre
 11173 | D:12     | Killed a two-headed ogre
 11355 | D:12     | Found Nusiov's Magic Scroll Boutique.
 11374 | D:12     | Found Toteam's Antique Armour Boutique.
 11416 | D:12     | Received a gift from Okawaru
 11438 | D:12     | Reached skill level 10 in Long Blades
 11579 | D:12     | Found the ring of Robustness {AC+8}
 11692 | D:12     | Noticed a centaur warrior
 11702 | D:12     | Killed a centaur warrior
 11884 | D:12     | Found Zeworie's Magic Scroll Shop.
 12052 | D:12     | Found Juthru's Armour Shop.
 12549 | Lair:1   | Entered Level 1 of the Lair of Beasts
 12674 | Lair:1   | Reached XP level 12. HP: 92/92 MP: 13/13
 12722 | Lair:1   | Reached skill level 1 in Stealth
 13685 | Lair:2   | Reached skill level 11 in Shields
 13795 | Lair:2   | Found a hole to the Spider Nest.
 14442 | Lair:3   | Received a gift from Okawaru
 14446 | Lair:3   | Got a slimy scimitar {god gift}
 14447 | Lair:3   | Identified the +9 scimitar "Fonehump" {flame, *Rage +Inv
                  | rElec Stlth+} (Okawaru gifted it to you on level 3 of the
                  | Lair of Beasts)
 14599 | Lair:3   | Noticed an eight-headed hydra
 14605 | Lair:3   | Killed a seven-headed hydra
 14682 | Lair:3   | Noticed a death yak
 14682 | Lair:3   | Noticed a death yak
 14685 | Lair:3   | Noticed a death yak
 14698 | Lair:3   | Killed a death yak
 14698 | Lair:3   | Killed a death yak
 14698 | Lair:3   | Received a gift from Okawaru
 14703 | Lair:3   | Killed a death yak
 15264 | Orc:1    | Entered Level 1 of the Orcish Mines
 15466 | Orc:1    | Noticed a stone giant
 15467 | Orc:1    | Noticed a two-headed ogre
 15468 | Orc:1    | Noticed Thomus's ghost (novice DECj)
 15470 | Orc:1    | Identified the +2 battleaxe "Arbiter" {antimagic, Fragile
                  | rPois MR+}
 15471 | Orc:1    | Found a bloodstained altar of Trog.
 15476 | Orc:1    | Found a transporter.
 15490 | Orc:1    | Found a transporter.
 15536 | Orc:1    | Found Hauwoh's Armour Shoppe.
 15552 | Orc:1    | Found Erul's Gadget Boutique.
 15555 | Orc:1    | Noticed a stone giant
 15560 | Orc:1    | Killed a stone giant
 15566 | Orc:1    | Bought a wand of digging (6) for 320 gold pieces
 15596 | Orc:1    | Noticed an orc warlord
 15976 | Orc:1    | Reached skill level 12 in Shields
 16096 | Orc:1    | Found Dunuewe's Magic Scroll Shop.
 16112 | Orc:1    | Killed an orc warlord
 16112 | Orc:1    | Reached XP level 13. HP: 71/99 MP: 9/14
 16131 | Orc:1    | Found a roughly hewn altar of Beogh.
 17088 | D:12     | Bought the +0 mask of the Dragon {MR+ Slay+3 SInv} for 1002
                  | gold pieces
 17088 | D:12     | Found the +0 mask of the Dragon {MR+ Slay+3 SInv}
 17176 | Orc:1    | Bought a scroll of blinking for 75 gold pieces
 17235 | D:12     | Bought a warped cloak for 285 gold pieces
 17248 | D:12     | Identified the +1 cloak "Alaraont" {Dex+2} (You bought it
                  | in a shop on level 12 of the Dungeon)
 17791 | D:4      | Killed Alannah's ghost
 18019 | D:10     | Received a gift from Okawaru
 18168 | D:13     | Found a gate to the Vaults.
 18168 | D:13     | Noticed Nessos
 18202 | D:13     | Killed Nessos
 18739 | D:13     | Received a gift from Okawaru
 19277 | Orc:2    | Entered Level 2 of the Orcish Mines
 19282 | Orc:2    | Noticed Jorgrun
 19534 | Orc:2    | Killed Jorgrun
 19787 | Orc:2    | Noticed Maurice
 19795 | Orc:2    | Killed Maurice
 19813 | Orc:2    | Noticed Rupert
 19816 | Orc:2    | Received a gift from Okawaru
 19825 | Orc:2    | Killed Rupert
 20237 | Orc:2    | Reached skill level 13 in Shields
 20520 | Orc:2    | Found a staircase to the Elven Halls.
 20603 | Orc:2    | Found a bloodstained altar of Trog.
 21076 | Orc:2    | Received a gift from Okawaru
 21157 | Orc:2    | Noticed Urug
 21171 | Orc:2    | Killed Urug
 21220 | Orc:2    | Gained mutation: Your magical capacity is low. (-10% MP) [a
                  | neqoxec]
 21247 | Orc:2    | Received a gift from Okawaru
 21256 | Orc:2    | HP: 2/102 [orc priest/divine providence (12)]
 21793 | Orc:2    | Gained mutation: When seriously injured, your bleeding
                  | wounds create thick armour. (AC +9) [demonic ancestry]
 21793 | Orc:2    | Reached XP level 14. HP: 30/109 MP: 2/14
 21837 | Orc:2    | Killed from afar by an orc priest

Levels and vault maps discovered:
D:1:      nicolae_arrival_somewhat_less_tricky_arrival, layout_loops_ring
D:2:      layout_loops_ring, uniq_natasha, uniq_terence
D:3:      layout_loops_ring, lemuel_round_altar, minmay_large_rounded_square,
          uniq_robin
D:4:      layout_cave_pools, ebering_ghost_sewer_d,
          hangedman_abyss_or_decor_lesser_grid, hangedman_decor_points
D:5:      layout_loops_corners, first_ration, fedhas_altar_3
D:6:      layout_basic, temple_doors_e, ashenzari_altar_1
D:7:      layout_loops_corners, basic_altar, grunt_livestock,
          eino_small_chamber_without_monster
D:8:      layout_rooms, special_room [special_room_orc], uniq_joseph
D:9:      layout_loops_ring, erik_lair_island, serial_shops,
          kennysheep_little_box
D:10:     layout_gridville, onia_ninara_dug_in_and_dangerous
D:11:     layout_basic, orc_0_dummy, uniq_psyche
D:12:     minmay_tri_box, layout_basic, serial_shops, nicolae_shop_behind_doors,
          shop_scrolls, shop, shop, chequers_serial_rivers_small_b
D:13:     layout_basic, david_vaults_3
Lair:1:   layout_regular_city, minmay_holes, grunt_megastairs_5,
          infiniplex_staircase_pool
Lair:2:   layout_regular_city, spider_nest_entry_a
Lair:3:   layout_hall_layers
Orc:1:    cheibrodos_orc_bank, layout_caves, gammafunk_ghost_wrathful_warriors,
          serial_shops, nicolae_shop_stone,
          nicolae_shop_competitors_out_of_business, shop_coins,
          minmay_orc_temple_a
Orc:2:    st_orc_pillars, layout_diamond_mine, trog_book, uniq_maurice,
          uniq_rupert, uniq_urug, uniq_jorgrun

Skill      XL: |  1  2  3  4  5  6  7  8  9 10 11 12 13 |
---------------+----------------------------------------+-----
Armour         | 3 4 5 6 7 9 |  9.9
Long Blades    | 2 3 4 5 6 8 9 10 11 12 | 12.4
Shields        | 3 4 5 7 9 10 12 13 | 13.1
Dodging        | 1 2 3 |  3.6
Fighting       | 4 5 6 7 8 9 |  9.8
Invocations    | 1 2 |  2.2
Evocations     | 2 3 |  3.0
Stealth        | 1 |  1.3

Action                   |  1- 3 |  4- 6 |  7- 9 | 10-12 | 13-15 || total
-------------------------+-------+-------+-------+-------+-------++-------
Melee: Long sword        |    95 |   249 |   276 |   678 |       ||  1298
       Kick              |       |    32 |    84 |   279 |   119 ||   514
       Scimitar          |       |       |       |   127 |   134 ||   261
       Falchion          |       |       |       |       |   166 ||   166
Invok: Heroism           |       |       |     2 |     4 |     5 ||    11
       Finesse           |       |       |       |       |     1 ||     1
Evoke: Wand              |       |       |       |    18 |     5 ||    23
  Use: Potion            |     3 |     5 |     1 |       |     3 ||    12
       Scroll            |       |     1 |       |    15 |     7 ||    23
  Eat: Chunk             |       |    10 |     7 |    22 |     7 ||    46
       Ration            |       |       |     1 |     4 |     3 ||     8
Armor: Scale mail        |    39 |   134 |    39 |       |       ||   212
       Chain mail        |       |       |   118 |    18 |       ||   136
       Plate armour      |       |       |       |   401 |   105 ||   506
Dodge: Dodged            |    30 |    65 |    44 |   114 |    53 ||   306
Block: Shield            |    49 |    45 |       |       |       ||    94
       Large shield      |       |   153 |   230 |   830 |   301 ||  1514
       Reflection        |       |     1 |     7 |    19 |    11 ||    38
       Rpst.: Long sword |     7 |    23 |    10 |    25 |       ||    65
       Scimitar          |       |       |       |     8 |    11 ||    19
       Falchion          |       |       |       |       |     7 ||     7
